 Dungeon Crawl Stone Soup version 0.31.0-11-ge490571c62 (webtiles) character file.

Game seed: 14871621840891013598

145866 hikkokomori the Peltast (level 18, -1/149 HPs)
             Began as a Formicid Fighter on Feb 1, 2024.
             Was a High Priest of Okawaru.
             Slain by a five-headed hydra (5 damage)
             ... on level 4 of the Swamp.
             The game lasted 01:07:31 (27386 turns).

hikkokomori the Peltast (Formicid Fighter)         Turns: 27386, Time: 01:07:31

Health: -1/149     AC: 27    Str: 20    XL:     18   Next: 5%
Magic:  30/34      EV: 15    Int: 17    God:    Okawaru [*****.]
Gold:   844        SH: 21    Dex: 15    Spells: 17/17 levels left

rFire   . . .        O - +7 morningstar of Piylumm {protect, rN+ MP+9 Dex-4}
rCold   + + .        P - +2 kite shield {rPois}
rNeg    + . .        K - +3 plate armour {rC+}
rPois   +            (helmet unavailable)
rElec   .            V - +1 cloak {Stlth+}
rCorr   .            J - +0 pair of gloves
SInv    +            H - +2 pair of boots
Will    +....        w - amulet of reflection Stlth
                     h - +6 ring of dexterity
HPRegen 0.44/turn    G - ring of Rariny {rPois rC+ EV+5 Str-5 Int+7 Dex-2}
MPRegen 0.24/turn

%: reflection
@: mighty, studying Maces & Flails, very slow
A: permanent stasis, dig shafts and tunnels, antennae 3, four strong arms
a: Dig, Shaft Self, Renounce Religion, Heroism, Finesse, Duel


You were on level 4 of the Swamp.
You worshipped Okawaru.
Okawaru was extremely pleased with you.
You visited 6 branches of the dungeon, and saw 28 of its levels.
You also visited: Sewer and Ice Cave.

You collected 2896 gold pieces.
You spent 2052 gold pieces at shops.

Inventory:

Hand Weapons
 l - a +5 lajatang of speed
 I - a +8 flail of draining
 O - the +7 morningstar of Piylumm (weapon) {protect, rN+ MP+9 Dex-4}
   (You bought it in a shop on level 14 of the Dungeon)

   Dex-4:     It affects your dexterity (-4).
   rN+:       It protects you from negative energy.
   MP+9:      It affects your magic capacity (+9).
 W - a +0 battleaxe of flaming
Missiles
 b - 4 javelins (quivered)
 L - 9 curare-tipped darts
 R - 3 throwing nets
 Z - 9 silver javelins
Armour
 j - the +0 tower shield of the Moon {rC++ Dex-3}
   (You acquired it on level 8 of the Dungeon)

   Dex-3:     It affects your dexterity (-3).
   rC++:      It greatly protects you from cold.
 v - a +2 robe of resistance
 H - a +2 pair of boots (worn)
 J - a +0 pair of gloves (worn)
 K - a +3 plate armour of cold resistance (worn)
 P - a +2 kite shield of poison resistance (worn)
 S - +0 acid dragon scales
 V - a +1 cloak of stealth (worn)
Jewellery
 h - a +6 ring of dexterity (left hand)
 m - the ring "Giasoulai" {rElec rPois MP+9 Int+3 SInv}
   (You bought it in a shop on level 2 of the Orcish Mines)

   [ring of magical power]

   Int+3:     It affects your intelligence (+3).
   rElec:     It insulates you from electricity.
   rPois:     It protects you from poison MP+9: It affects your magic capacity
   (+9).
   SInv:      It lets you see invisible.
 w - an amulet of reflection (around neck)
 B - a ring of flight
 G - the ring of Rariny (right hand) {rPois rC+ EV+5 Str-5 Int+7 Dex-2}
   (You found it on level 4 of the Lair of Beasts)

   [ring of evasion]

   EV+5:      It affects your evasion (+5).
   Str-5:     It affects your strength (-5).
   Int+7:     It affects your intelligence (+7).
   Dex-2:     It affects your dexterity (-2).
   rC+:       It protects you from cold.
   rPois:     It protects you from poison
 Q - a ring of willpower
 X - an amulet of magic regeneration
Wands
 a - a wand of polymorph (3)
 k - a wand of flame (34)
 t - a wand of acid (2)
 T - a wand of mindburst (8)
 U - a wand of roots (7)
Scrolls
 i - a scroll of fog
 n - 3 scrolls of vulnerability
 p - 2 scrolls of amnesia
 q - 2 scrolls of immolation
 r - 3 scrolls of identify
 y - a scroll of butterflies
 D - 6 scrolls of revelation
 F - 5 scrolls of poison
Potions
 c - 3 potions of mutation
 d - 2 potions of might
 e - 3 potions of lignification
 f - 2 potions of ambrosia
 g - 8 potions of heal wounds
 o - 2 potions of cancellation
 s - 5 potions of brilliance
 u - a potion of resistance
 x - 4 potions of haste
 z - 8 potions of curing
 A - 3 potions of enlightenment
 C - 2 potions of berserk rage
 E - 3 potions of magic
 N - 3 potions of attraction
Miscellaneous
 M - a phial of floods
 Y - a condenser vane


   Skills:
 + Level 15.1 Fighting
 - Level 5.3(10.6) Axes
 - Level 14.1(14.8) Maces & Flails
 + Level 4.9(10.4) Staves
 + Level 7.9 Throwing
 + Level 14.6 Armour
 + Level 10.1 Dodging
 + Level 16.8 Shields
 - Level 10.0 Invocations
 + Level 7.7 Evocations


You had 17 spell levels left.
You didn't know any spells.
Your spell library contained the following spells:

 Spells                   Type           Power      Damage    Failure   Level
 Freeze                   Ice            0%         1d3       99%         1
 Magic Dart               Conj           0%         1d3       99%         1
 Necrotise                Necr           0%         1d4       99%         1
 Slow                     Hex            0%         N/A       99%         1
 Ensorcelled Hibernation  Hex/Ice        0%         N/A       99%         2
 Mercury Vapours          Alch/Air       0%         N/A       99%         2
 Scorch                   Fire           0%         2d5       99%         2
 Sublimation of Blood     Necr           0%         N/A       99%         2
 Confusing Touch          Hex            0%         N/A       100%        3
 Frozen Ramparts          Ice            0%         1d1       100%        3
 Hailstorm                Conj/Ice       0%         3d5       100%        3
 Inner Flame              Hex/Fire       0%         N/A       100%        3
 Mephitic Cloud           Conj/Alch/Air  0%         N/A       100%        3
 Passwall                 Erth           0%         N/A       100%        3
 Sigil of Binding         Hex            0%         N/A       100%        3
 Vampiric Draining        Necr           0%         2d6       100%        3
 Dimensional Bullseye     Hex/Tloc       0%         N/A       100%        4
 Flame Wave               Conj/Fire      0%         2d4       100%        4
 Iskenderun's Mystic Bla  Conj/Tloc      0%         2d3       100%        4
 Sticky Flame             Fire/Alch      0%         2d4       100%        4
 Curse of Agony           Necr           0%         N/A       100%        5
 Freezing Cloud           Conj/Ice/Air   0%         6-21      100%        5
 Maxwell's Capacitive Co  Air            0%         ∞         100%        8
 Blink                    Tloc           Unusable   N/A       N/A         2
 Call Imp                 Summ           Unusable   N/A       N/A         2
 Summon Ice Beast         Ice/Summ       Unusable   N/A       N/A         3
 Swiftness                Air            Unusable   N/A       N/A         3
 Tukima's Dance           Hex            Unusable   N/A       N/A         3
 Martyr's Knell           Necr/Summ      Unusable   N/A       N/A         4
 Sculpt Simulacrum        Ice/Alch       Unusable   N/A       N/A         6
 Summon Cactus Giant      Summ           Unusable   N/A       N/A         6
 Summon Hydra             Summ           Unusable   N/A       N/A         7

Dungeon Overview and Level Annotations

Branches:
Dungeon (15/15)            Temple (1/1) D:4            Lair (5/5) D:11
  Swamp (4/4) Lair:3       Spider (0/4) Lair:3        Slime (1/5) Lair:4
    Orc (2/2) D:10            Elf (0/3) Orc:2        Vaults (0/5) D:14
 Depths (0/4) D:15          Sewer (visited)           IceCv (visited)

Altars:
Ashenzari
Cheibriados
Dithmenos
Elyvilon
Fedhas
Gozag
Hepliaklqana
Kikubaaqudgha
Makhleb
Nemelex Xobeh
Okawaru
Qazlal
Ru
Sif Muna
Trog
Uskayaw
Vehumet
Wu Jian
Xom
Yredelemnul
Zin
The Shining One
Jiyva
Lugonu

Shops:
D:5 :   D:7 [   D:10 :(*   D:14 (   Orc:2 *([!

Portals:
Abyss: Lair:5

Annotations:
D:15 2 transporters, Xiestris's ghost, journeyman DsGl


Innate Abilities, Weirdness & Mutations

You cannot be hasted, slowed, berserked, paralysed or teleported.
You can dig through walls and to a lower floor.
You have a pair of large antennae on your head. (SInv)
Your four strong arms can wield two-handed weapons with a shield.


Message History

The four-headed hydra bites you but does no damage. x2
Unknown command.
You feel like a meek peon again.
The five-headed hydra attacks as it pursues you!
You block the five-headed hydra's attack.
The five-headed hydra bites you.
* * * LOW HITPOINT WARNING * * *
You block the five-headed hydra's attack. x2
The five-headed hydra bites you but does no damage.
The four-headed hydra bites you but does no damage. x3
The four-headed hydra barely misses you.
The five-headed hydra completely misses you.
The five-headed hydra bites you.
* * * LOW HITPOINT WARNING * * *
The five-headed hydra bites you but does no damage. x2
The five-headed hydra closely misses you.
The four-headed hydra closely misses you.
The four-headed hydra bites you!
* * * LOW HITPOINT WARNING * * *
The four-headed hydra bites you but does no damage. x2
Unknown command.
Unknown command.
You enter the shallow water.
Moving in this stuff is going to be slow.
The thorn hunter fires a volley of thorns at you.
The volley of thorns hits you!
* * * LOW HITPOINT WARNING * * *
Unknown command.
Unknown command.
You feel much better.
The thorn hunter gestures. x2
The four-headed hydra bites you.
* * * LOW HITPOINT WARNING * * *
The four-headed hydra bites you!
* * * LOW HITPOINT WARNING * * *
You block the four-headed hydra's attack.
The four-headed hydra bites you!
* * * LOW HITPOINT WARNING * * *
The five-headed hydra bites you.
You die...

.(~((...♣ ♣≈≈≈≈≈≈~..≈≈≈...
~~~(§~~~♣ ♣♣♣≈≈≈≈≈≈♣.~≈≈≈♣~.
..~(~~{.♣ ♣~.♣≈≈≈≈...♣≈≈♣♣
.~...~~{♣ ♣.~♣≈≈≈.♣.≈.≈≈♣
..~~~°DD♣♣♣♣♣~~♣♣≈≈≈..≈≈≈♣♣
.~~§~°k♣)♣♣~~.§♣♣≈≈♣.♣≈≈≈♣♣
~~§.~~{♣♣Df~~~♣♣P≈♣♣.♣♣≈♣~♣♣♣
#♣.§~..
♣~§~D.~PP♣♣...♣♣♣.~.♣♣ #~...~
♣.§~D@.PP♣.....♣.~~.♣§ #♣~~..
♣...♣♣.PP~~.~.~~.~..~~ #♣~~.
♣♣♣♣♣♣.PP.<.†~~~~~~~♣.
♣~~.~♣♣~ ♣§~PP♣♣♣.~~§~§~<~.
.....♣~~PP♣ ♣♣..~~~.†~.
...~~.~PP♣♣ ♣♣♣~~§..~.
♣..~♣♣.P♣♣ ♣~~~~†~.. ~.. ♣♣♣♣
♣♣..~.~.♣ ♣. ♣♣♣♣♣..♣


You could see a thorn hunter, a six-headed hydra (strong), a five-headed hydra,
a four-headed hydra (strong) and 2 swamp dragons.

Vanquished Creatures
  A tentacled monstrosity (Swamp:3)
  Mlioglotl (Swamp:3)
  An acid blob (Slime:1)
  The ghost of hikkokomori the Warrior, an adept FoFi of Gozag (D:13)
  4 eleionomae
  3 bunyips
  A vault guard (D:14)
  Fannar (Orc:1)
  16 hydras
  6 ogre magi
  Erolcha (Orc:1)
  5 centaur warriors
  6 alligators
  2 boulder beetles
  2 ghost crabs
  3 tengu warriors
  24 two-headed ogres
  2 deep troll earth magi (D:15)
  19 death yaks
  Urug (Lair:5)
  An orc high priest (Orc:2)
  2 thrashing horrors (Lair:5)
  A skyshark (Lair:5)
  2 fire crabs (Lair:5)
  2 goliath frogs
  4 bog bodies
  3 swamp dragons
  A flayed ghost (Arena)
  3 spriggan druids
  3 deep elf pyromancers (D:15)
  A phantasmal warrior (D:13)
  An obsidian statue (D:12)
  An orc knight (D:15)
  An oklob plant (Lair:4)
  Maurice (D:9)
  2 will-o-the-wisps
  3 manticores
  3 orc sorcerers (Orc:2)
  16 ugly things
  2 large abominations (Lair:5)
  9 elephants
  3 cyclopes
  A salamander (shapeshifter) (Lair:5)
  A torpor snail (Lair:5)
  3 black mambas
  2 kobold blastminers (Orc:1)
  A gargoyle (D:10)
  An ice statue (IceCv)
  A smoke demon (Lair:5)
  A black mamba (shapeshifter) (D:14)
  14 cane toads
  A yaktaur (D:15)
  2 unseen horrors
  6 freezing wraiths
  A kobold demonologist (D:10)
  11 komodo dragons
  3 rime drakes
  An ice devil (IceCv)
  A tengu conjurer (D:14)
  8 trolls
  2 polar bears (Lair:5)
  9 hornets
  A raiju (Lair:5)
  5 tyrant leeches
  28 blink frogs
  16 slime creatures
  7 spriggans
  3 culicivoras (Lair:3)
  2 shadows
  3 centaur simulacra
  3 dire elephant simulacra (IceCv)
  4 ynoxinuls (Lair:5)
  12 small abominations (Lair:5)
  4 wyverns
  32 yaks
  A wraith (D:14)
  3 wargs
  A fire bat (shapeshifter) (D:15)
  2 basilisks
  A chaos spawn (Lair:5)
  4 steam dragons
  9 vampire mosquitoes
  4 death yak simulacra (IceCv)
  A harpy simulacrum (IceCv)
  Edmund (D:5)
  12 swamp worms
  A hydra simulacrum (IceCv)
  12 water moccasins
  6 acid dragons
  7 swamp drakes
  An ice beast (D:5)
  11 orc warriors
  6 black bears
  18 wolves
  3 laughing skulls
  A tengu (Lair:4)
  25 ogres
  12 centaurs
  4 kobold brigands
  6 two-headed ogre simulacra (IceCv)
  A gnoll sergeant (D:8)
  2 cane toad simulacra (IceCv)
  5 scorpions
  14 bullfrogs
  15 wights
  7 killer bees
  An elephant simulacrum (IceCv)
  7 howler monkeys
  An electric eel (D:12)
  6 hounds
  A bombardier beetle (D:6)
  3 jellies
  A gnoll bouda (D:4)
  11 orc priests
  Jessica (D:3)
  2 iguanas (D:5)
  Ijyb (D:3)
  A hell rat (Lair:5)
  23 orc wizards
  4 troll simulacra (IceCv)
  5 spriggan simulacra (IceCv)
  4 polar bear simulacra (IceCv)
  2 wolf simulacra (IceCv)
  Robin (D:2)
  18 gnolls
  4 naga simulacra (IceCv)
  13 adders
  2 shadow imps (D:6)
  16 white imps
  9 ufetubi
  12 dart slugs
  2 ribbon worms (D:2)
  49 orcs
  11 ball pythons
  3 bats
  6 endoplasms
  13 giant cockroaches
  5 hobgoblins
  4 jackals (D:2)
  20 kobolds
  6 frilled lizards
  16 goblins
  7 rats
842 creatures vanquished.

Vanquished Creatures (others)
  3 bloated husks
  A hornet (D:8)
  A shadow (D:9)
  A swamp drake (Swamp:4)
  A kobold brigand (D:6)
  An electric eel (Lair:5)
  An orc wizard (D:9)
  A kobold (D:8)
  8 foxfires
18 creatures vanquished.

Grand Total: 860 creatures vanquished

Notes
Turn   | Place    | Note
-------+----------+-------------------------------------------
     0 | D:1      | hikkokomori the Formicid Fighter began the quest for the
                  | Orb.
     0 | D:1      | Reached XP level 1. HP: 18/18 MP: 1/1
   140 | D:1      | Reached XP level 2. HP: 23/24 MP: 2/2
   642 | D:2      | Reached XP level 3. HP: 25/30 MP: 3/3
   835 | D:2      | Reached skill level 1 in Throwing
   835 | D:2      | Reached XP level 4. HP: 24/37 MP: 4/4
  1085 | D:2      | Noticed Robin
  1109 | D:2      | Killed Robin
  1486 | D:3      | Found a shimmering altar of Xom.
  1495 | D:3      | Noticed Ijyb
  1503 | D:3      | Killed Ijyb
  1504 | D:3      | Reached XP level 5. HP: 43/43 MP: 5/5
  1754 | D:3      | Noticed Jessica
  1759 | D:3      | Killed Jessica
  1760 | D:3      | Reached skill level 1 in Evocations
  1913 | D:4      | Reached XP level 6. HP: 42/50 MP: 6/6
  1976 | D:4      | Reached skill level 5 in Fighting
  1976 | D:4      | HP: 1/49 [gnoll/+0 spear (5)]
  2061 | D:4      | Found a staircase to the Ecumenical Temple.
  2078 | Temple   | Entered the Ecumenical Temple
  2088 | Temple   | Became a worshipper of Warmaster Okawaru
  2105 | D:4      | Found a glowing drain.
  2120 | Sewer    | Entered a sewer
  2390 | Sewer    | Reached XP level 7. HP: 49/56 MP: 7/7
  2602 | Sewer    | Reached skill level 1 in Invocations
  2966 | D:4      | Reached skill level 1 in Dodging
  3025 | D:4      | Reached * piety under Okawaru
  3420 | D:4      | Found a bloodstained altar of Trog.
  3559 | D:4      | Reached XP level 8. HP: 57/64 MP: 9/9
  3609 | D:4      | Reached skill level 5 in Shields
  3624 | D:4      | Reached ** piety under Okawaru
  3816 | D:5      | Entered Level 5 of the Dungeon
  3913 | D:5      | Reached skill level 5 in Axes
  4078 | D:5      | Found Xisidien's Self-Published Books.
  4232 | D:5      | Noticed Edmund
  4233 | D:5      | Found a faded altar of an unknown god.
  4234 | D:5      | Found a hazy altar of Hepliaklqana.
  4256 | D:5      | Killed Edmund
  4257 | D:5      | Reached XP level 9. HP: 27/70 MP: 8/11
  4671 | D:5      | Reached skill level 5 in Armour
  4905 | D:6      | Reached skill level 6 in Shields
  5028 | D:6      | Reached skill level 1 in Maces & Flails
  5167 | D:6      | Reached *** piety under Okawaru
  5348 | D:6      | Noticed a two-headed ogre
  5356 | D:6      | Killed a two-headed ogre
  5477 | D:6      | Found an ancient bone altar of Kikubaaqudgha.
  5502 | D:6      | Reached skill level 7 in Shields
  5758 | D:6      | Found a shadowy altar of Dithmenos.
  6059 | D:7      | Found a faded altar of an unknown god.
  6059 | D:7      | Found a shimmering blue altar of Sif Muna.
  6067 | D:7      | Found a broken altar of Ashenzari.
  6069 | D:7      | Found a burning altar of Makhleb.
  6071 | D:7      | Found a snail-covered altar of Cheibriados.
  6101 | D:7      | Reached skill level 5 in Invocations
  6101 | D:7      | Reached XP level 10. HP: 75/79 MP: 13/13
  6210 | D:7      | Found Ucouzouw's Antique Armour Shoppe.
  6214 | D:7      | Bought a glowing kite shield for 210 gold pieces
  6401 | D:7      | Bought a pair of gloves for 126 gold pieces
  6562 | D:7      | Reached **** piety under Okawaru
  6706 | D:7      | Found a basalt altar of Yredelemnul.
  7080 | D:8      | Reached skill level 8 in Shields
  7554 | D:8      | Reached skill level 5 in Dodging
  7834 | D:8      | Identified a scroll of acquirement
  7834 | D:8      | Acquired the +0 tower shield of the Moon {rC++ Dex-3}
  7952 | D:9      | Reached XP level 11. HP: 86/86 MP: 15/15
  8103 | D:9      | Reached ***** piety under Okawaru
  8136 | D:9      | Noticed Maurice
  8174 | D:9      | Killed Maurice
  8347 | D:9      | Noticed a two-headed ogre
  8354 | D:9      | Reached skill level 5 in Maces & Flails
  8364 | D:9      | Killed a two-headed ogre
  8365 | D:9      | Reached skill level 9 in Shields
  8469 | D:9      | Noticed a tengu warrior
  8471 | D:9      | Noticed a two-headed ogre
  8477 | D:9      | Killed a two-headed ogre
  8477 | D:9      | Noticed a brown ugly thing
  8482 | D:9      | Noticed a two-headed ogre
  8484 | D:9      | Killed a brown ugly thing
  8511 | D:9      | Killed a two-headed ogre
  8533 | D:9      | Killed a tengu warrior
  8910 | D:10     | Entered Level 10 of the Dungeon
  8910 | D:10     | Found Dullaili's Weapon Boutique.
  8910 | D:10     | Found Gime's Book Shoppe.
  8972 | D:10     | Identified the serpent talisman of Motiti {rF- Int+4}
  9017 | D:10     | Received a gift from Okawaru
  9023 | D:10     | Reached XP level 12. HP: 87/96 MP: 17/17
  9201 | D:10     | Found a staircase to the Orcish Mines.
  9641 | D:10     | Found Unkiuwno's General Store.
  9704 | Orc:1    | Entered Level 1 of the Orcish Mines
  9704 | Orc:1    | Noticed Fannar
  9726 | Orc:1    | Killed Fannar
  9727 | Orc:1    | Reached skill level 10 in Shields
 10171 | Orc:2    | Entered Level 2 of the Orcish Mines
 10174 | Orc:2    | Found a staircase to the Elven Halls.
 10231 | Orc:1    | Noticed Erolcha
 10243 | Orc:1    | Killed Erolcha
 10402 | Orc:2    | Reached skill level 10 in Fighting
 10595 | Orc:2    | Noticed an orc high priest
 10633 | Orc:2    | Killed an orc high priest
 10633 | Orc:2    | Received a gift from Okawaru
 10841 | Orc:2    | Noticed a two-headed ogre
 10841 | Orc:2    | Noticed a two-headed ogre
 10841 | Orc:2    | Noticed a two-headed ogre
 10841 | Orc:2    | Noticed a two-headed ogre
 10841 | Orc:2    | Noticed a two-headed ogre
 10850 | Orc:2    | Killed a two-headed ogre
 10862 | Orc:2    | Killed a two-headed ogre
 10870 | Orc:2    | Killed a two-headed ogre
 10871 | Orc:2    | Reached skill level 11 in Shields
 10871 | Orc:2    | Noticed an ogre mage
 10879 | Orc:2    | Killed an ogre mage
 10880 | Orc:2    | Reached XP level 13. HP: 96/104 MP: 18/18
 10886 | Orc:2    | Reached skill level 5 in Throwing
 10905 | Orc:2    | Received a gift from Okawaru
 10943 | Orc:2    | Reached skill level 10 in Armour
 10973 | Orc:2    | Noticed an ogre mage
 10974 | Orc:2    | Noticed an ogre mage
 10977 | Orc:2    | Noticed an ogre mage
 10981 | Orc:2    | Killed an ogre mage
 10991 | Orc:2    | Killed an ogre mage
 11004 | Orc:2    | Received a gift from Okawaru
 11015 | Orc:2    | Killed an ogre mage
 11132 | Orc:2    | Found Buijosast's Assorted Antiques.
 11132 | Orc:2    | Found Tuunoin's Antique Armour Emporium.
 11132 | Orc:2    | Found Hepp's Weapon Emporium.
 11132 | Orc:2    | Found Boyqy's Distillery.
 11153 | Orc:2    | Reached skill level 12 in Shields
 11493 | Orc:2    | Bought a scroll of acquirement for 1352 gold pieces
 11493 | Orc:2    | Acquired a manual of Maces & Flails
 11612 | D:11     | Found a frozen archway.
 11809 | D:11     | Received a gift from Okawaru
 11949 | IceCv    | Entered an ice cave
 12142 | IceCv    | Identified the +1 plate armour of the Barracuda {Int+2}
 12370 | IceCv    | Reached XP level 14. HP: 87/113 MP: 17/19
 13085 | D:11     | Found a staircase to the Lair.
 14119 | D:12     | Received a gift from Okawaru
 14123 | D:12     | Got the Folio of Floating Algor
 14293 | Lair:1   | Entered Level 1 of the Lair of Beasts
 15433 | Lair:1   | Received a gift from Okawaru
 15441 | Lair:2   | Reached skill level 10 in Maces & Flails
 15951 | Lair:2   | Reached skill level 13 in Shields
 16806 | Lair:3   | Received a gift from Okawaru
 16836 | Lair:3   | Reached XP level 15. HP: 46/122 MP: 15/21
 17060 | Lair:3   | Found a staircase to the Swamp.
 17133 | Lair:3   | Found a hole to the Spider Nest.
 17429 | Lair:4   | Noticed Sonja
 17431 | Lair:4   | Sonja changed into Sonja the tengu
 17431 | Lair:4   | Noticed Sonja
 17434 | Lair:4   | Killed Sonja the tengu
 17468 | Lair:4   | Identified the ring of Rariny {rPois rC+ EV+5 Str-5 Int+7
                  | Dex-2}
 17659 | Lair:4   | Found a viscous altar of Jiyva.
 17660 | Lair:4   | Found a staircase to the Slime Pits.
 18095 | Lair:5   | Entered Level 5 of the Lair of Beasts
 18163 | Lair:4   | Received a gift from Okawaru
 18170 | Lair:4   | Reached skill level 14 in Shields
 18262 | Lair:5   | Noticed Urug
 18270 | Lair:5   | Killed Urug
 18700 | Lair:5   | Identified the +3 morningstar "Nuyneth" {flame, rC+ Will+}
 19189 | Lair:5   | Reached skill level 10 in Invocations
 19193 | Lair:5   | Received a gift from Okawaru
 19287 | Lair:5   | Reached skill level 1 in Staves
 19345 | Lair:5   | Reached XP level 16. HP: 131/131 MP: 23/23
 19464 | Lair:5   | Found a corrupted altar of Lugonu.
 19464 | Lair:5   | Found a one-way gate to the infinite horrors of the Abyss.
 19471 | Lair:5   | Identified the staff "Pavoast" {rN+ Int-5 Necro Tloc Ice}
 19827 | Lair:5   | Reached skill level 15 in Shields
 20840 | Orc:2    | Bought a transparent bronze ring for 130 gold pieces
 20840 | Orc:2    | Identified the ring "Giasoulai" {rElec rPois MP+9 Int+3
                  | SInv} (You bought it in a shop on level 2 of the Orcish
                  | Mines)
 21137 | D:13     | Received a gift from Okawaru
 21222 | D:13     | Found a runed translucent gate.
 21223 | D:13     | Found a runed translucent gate.
 21223 | D:13     | Found a runed translucent gate.
 21526 | D:13     | Noticed hikkokomori's ghost (adept FoFi)
 21699 | Arena    | Entered the Arena
 21725 | D:13     | Reached skill level 5 in Evocations
 21759 | D:13     | Killed hikkokomori's ghost
 22163 | D:14     | Received a gift from Okawaru
 22258 | D:14     | Found Mofryn's Antique Weapon Emporium.
 22266 | D:14     | Bought a fine morningstar for 234 gold pieces
 22266 | D:14     | Identified the +7 morningstar of Piylumm {protect, rN+ MP+9
                  | Dex-4} (You bought it in a shop on level 14 of the Dungeon)
 22460 | D:14     | Found a gate to the Vaults.
 22863 | D:14     | Found a glowing golden altar of the Shining One.
 23197 | D:14     | Found a stormy altar of Qazlal.
 23272 | D:15     | Entered Level 15 of the Dungeon
 23292 | D:15     | Found a transporter.
 23301 | D:15     | Noticed Xiestris's ghost (journeyman DsGl)
 23302 | D:15     | Found a transporter.
 23302 | D:15     | Noticed a frost giant
 23302 | D:15     | Noticed a frost giant
 23536 | D:15     | Found a shimmering altar of Xom.
 23564 | D:15     | Reached XP level 17. HP: 137/140 MP: 24/24
 23796 | D:15     | Received a gift from Okawaru
 23797 | D:15     | Reached skill level 16 in Shields
 23888 | D:15     | Found a staircase to the Depths.
 24390 | Slime:1  | Entered Level 1 of the Pits of Slime
 24473 | Slime:1  | Noticed an acid blob
 24490 | Slime:1  | Killed an acid blob
 24805 | Swamp:1  | Entered Level 1 of the Swamp
 25156 | Swamp:1  | Received a gift from Okawaru
 26337 | Swamp:3  | Received a gift from Okawaru
 26647 | Swamp:3  | Noticed a tentacled monstrosity
 26666 | Swamp:3  | Killed a tentacled monstrosity
 26676 | Swamp:3  | Reached skill level 10 in Dodging
 26772 | Swamp:3  | Reached skill level 15 in Fighting
 27134 | Swamp:4  | Entered Level 4 of the Swamp
 27149 | Swamp:4  | Noticed Mlioglotl
 27167 | Swamp:3  | Killed Mlioglotl
 27329 | Swamp:4  | Reached XP level 18. HP: 78/149 MP: 25/25
 27386 | Swamp:4  | HP: 4/149 [four-headed hydra (14)]
 27386 | Swamp:4  | Slain by a five-headed hydra

Illustrated notes

Levels and vault maps discovered:
D:1:      sevenhm_arrival_forest_fort_large_2, layout_rooms
D:2:      layout_rooms, serial_corexii_hall, corexii_hall_statues_i,
          corexii_hall_statues_deadend, uniq_robin
D:3:      layout_basic, nicolae_overflow_crystal_walls,
          amcnicky_mini_pool_small, uniq_ijyb, uniq_jessica
D:4:      layout_gridville, trog_ov_bears_minmay, minmay_temple_entry_trees,
          cheibrodos_sewer_entry_drain
D:5:      layout_gridville, beargit_hepliaklqana_dungeon_heroes,
          serial_park_tiny_pond, nicolae_custom_books
D:6:      layout_basic, kiku_gazebo_pond_becter, grunt_dithmenos_shadows,
          nrook_campfire
D:7:      layout_basic, chequers_temple_overflow_minitemple,
          mainiacjoe_overflow_tiny_flanked, serial_shops,
          nicolae_shop_dealshenge
D:8:      layout_loops_ring, st_stairs_1
D:9:      minmay_chambers_of_sevens, layout_rooms, uniq_maurice
D:10:     layout_rooms, orc_0_dummy, serial_shops, shop_statue,
          nicolae_shop_hallway_plus, shop, minmay_gold_behind_fungi,
          kennysheep_nondescript, david_defended_altar_orc
D:11:     layout_basic, lair_entry_dummy, portal_ice_cave_entry_imps,
          kennysheep_cluttered_room, minmay_door_square
D:12:     statuecave_lemuel, layout_cave_pools, serial_column_ruins,
          column_ruins_circle_large, column_ruins_open_tiny,
          column_ruins_grid_2, column_ruins_grid_1,
          column_ruins_columns_straight, column_ruins_grid_1,
          column_ruins_open_tiny
D:13:     cheibrodos_quadrivalence, layout_irregular_city,
          gammafunk_ghost_spectres
D:14:     layout_stronghold, david_vaults_5, serial_shops, shop, tso_metal_star,
          serial_park_tiny_pond, nicolae_qazlal_style_of_elements
D:15:     hellmonk_depths_entry_around_the_bend, layout_irregular_city,
          regret_index_xom_buried_treasure, gammafunk_ghost_smash
Temple:   nicolae_temple_bog_church
Lair:1:   layout_cave_pods, lemuel_fruit_tree
Lair:2:   layout_chaotic_city
Lair:3:   layout_concentric_octagons, mainiacjoe_swamp_entry_angry_trees,
          hellmonk_spider_entry_life_and_decay
Lair:4:   layout_gridlike, slime_entry_1, uniq_sonja
Lair:5:   hellmonk_lair_end_abyssal_woods, layout_layer_cave,
          nicolae_lair_lakeside_cave, uniq_urug
Swamp:1:  layout_basic_swamp, evilmike_swamp_ruin_house_1, swamp_pool_4
Swamp:2:  layout_basic_swamp, evilmike_swamp_ruin_rubble_1
Swamp:3:  layout_basic_swamp, evilmike_swamp_ruin_house_3
Swamp:4:  swamp, layout_basic_swamp, swamp_pool_1_2, nicolae_swamp_tree_isthmus,
          uniq_mlioglotl
Slime:1:  layout_caves
Orc:1:    layout_caves, uniq_fannar, uniq_erolcha
Orc:2:    st_orc_ogre_mass, layout_diamond_mine

Skill      XL: |  1  2  3  4  5  6  7  8  9 10 11 12 13 14 15 16 17 |
---------------+----------------------------------------------------+-----
Fighting       | 4 5 6 7 8 9 10 11 12 13 14 15 | 15.1
Axes           | 3 4 5 |  5.3
Throwing       | 1 2 4 6 7 |  7.9
Evocations     | 1 2 5 7 |  7.7
Invocations    | 2 3 5 6 7 8 10 | 10.0
Dodging        | 1 2 4 5 6 7 8 9 10 | 10.1
Armour         | 4 6 7 8 9 10 11 12 13 14 | 14.6
Shields        | 5 7 8 9 11 12 13 14 15 16 | 16.8
Maces & Flails | 2 4 6 7 8 10 12 14 | 14.1
Staves         | 1 4 |  4.9

Action                     |  1- 3 |  4- 6 |  7- 9 | 10-12 | 13-15 | 16-18 || total
---------------------------+-------+-------+-------+-------+-------+-------++-------
  Melee: War axe           |    70 |   158 |   176 |     6 |     8 |       ||   418
         Flail             |       |       |    92 |   611 |  1095 |   278 ||  2076
         Lajatang          |       |       |       |       |    48 |   611 ||   659
         Battleaxe         |       |       |       |       |    45 |   163 ||   208
         Morningstar       |       |       |       |       |       |    15 ||    15
  Throw: Dart              |     2 |     6 |    10 |     1 |       |       ||    19
         Javelin           |       |       |       |     6 |    13 |    34 ||    53
 Invoke: Heroism           |       |       |     1 |    10 |    21 |    16 ||    48
         Finesse           |       |       |       |     1 |     1 |     1 ||     3
         Duel              |       |       |       |       |       |     1 ||     1
Ability: Dig               |       |     3 |       |     1 |     4 |     1 ||     9
  Evoke: Wand              |       |     1 |     1 |       |     7 |     1 ||    10
         Condenser vane    |       |       |       |       |       |     1 ||     1
    Use: Scroll            |       |     5 |     3 |    11 |     9 |     7 ||    35
         Potion            |       |     1 |     1 |       |       |     2 ||     4
   Stab: Distracted        |       |       |       |     3 |       |       ||     3
         Sleeping          |       |       |       |       |     3 |       ||     3
 Armour: Scale mail        |    52 |   147 |   146 |    62 |       |       ||   407
         Steam dragon scal |       |       |       |    12 |       |       ||    12
         Plate armour      |       |       |       |     1 |   326 |   444 ||   771
         Acid dragon scale |       |       |       |   133 |    69 |       ||   202
  Dodge: Dodged            |    37 |    77 |   106 |   211 |   317 |   369 ||  1117
  Block: Buckler           |    20 |    50 |   118 |       |       |       ||   188
         Kite shield       |       |       |    90 |   770 |  1125 |  1114 ||  3099
         Reflection        |       |       |     5 |    26 |    24 |    49 ||   104
